 Dungeon Crawl Stone Soup version bcrawl-1.21.2-1-g32d02e0829 (webtiles) character file.

Game seed: 4960840903440755231

51 Foic the Cutter (level 3, 23/23 HPs)
             Began as an Avariel Reaver on Feb 19, 2020.
             Was a Follower of Vehumet.
             Got out of the dungeon alive.
             The game lasted 00:10:50 (3003 turns).

Foic the Cutter (Avariel Reaver)                    Turns: 3003, Time: 00:10:51

Health: 23/23      AC:  5    Str:  9    XL:     3   Next: 83%
Magic:  9/9        EV: 13    Int: 20    God:    Vehumet [*.....]
Gold:   113        SH:  0    Dex: 11    Spells: 6/7 levels left

rFire    . . .     SeeInvis .   b - +0 shortbow
rCold    . . .     Gourm    .   (shield currently unavailable)
rNeg     . . .     Faith    .   u - +0 steam dragon scales
rPois    .         Spirit   .   (no helmet)
rElec    .         Reflect  .   n - scarf {repulsion}
rCorr    .         Harm     .   (no gloves)
MR       .....                  (no boots)
Stlth    +.........             (no amulet)
HPRegen  0.07/turn              (no ring)
MPRegen  0.11/turn              (no ring)

@: repel missiles
A: no striking features
a: Renounce Religion


You escaped.
You worshipped Vehumet.
Vehumet was aware of your devotion.
You were not hungry.

You visited 1 branch of the dungeon, and saw 3 of its levels.

You collected 113 gold pieces.

Inventory:

Hand Weapons
 a - a +0 rapier
 b - a +0 shortbow (weapon)
Missiles
 h - 93 tomahawks
 j - 7 stones
 k - 245 arrows (quivered)
 s - 106 poisoned needles
Armour
 m - a cursed +0 large shield
 n - a scarf of repulsion (worn)
 u - +0 steam dragon scales (worn)
Wands
 t - a wand of iceblast (9)
Scrolls
 d - a scroll of immolation
 o - a scroll of blinking {unknown}
 q - a scroll of identify
 r - a scroll of fog {unknown}
Potions
 c - a potion of haste
 f - 2 potions of resistance {unknown}
 g - a potion of curing {unknown}
 l - a potion of flight {unknown}
 p - 2 potions of degeneration {unknown}
Comestibles
 e - a ration {!d}


   Skills:
 + Level 3.1 Fighting
 + Level 4.0 Short Blades
 + Level 3.9 Dodging
 + Level 0.3 Stealth
 + Level 2.8 Spellcasting
 + Level 0.2 Conjurations


You had 6 spell levels left.
You knew the following spells:

 Your Spells              Type           Power        Failure   Level  Hunger
a - Flame Tongue          Conj/Fire      #....        4%          1    None

Your spell library contained the following spells:

 Spells                   Type           Power        Failure   Level  Hunger
 Iskenderun's Battlesphe  Conj/Chrm      #.......     65%         5    ######.


Dungeon Overview and Level Annotations

Branches:
Dungeon (3/12)

Altars:
Qazlal


Message History

Press ? for a list of commands and other information.
An iguana is nearby!
There is an open door here.
You see here a +0 club.
The iguana hisses menacingly.
There is a stone staircase leading up here.
You climb upwards.
There is a stone staircase leading down here.
(D) Dungeon
Where to? (Enter - D:2 @ (x,y), ? - help)
What level of the Dungeon? (default 1, ? - help) HP restored.
You see here a +0 club.
There is an open door here.
You enter the shallow water.
Moving in this stuff is going to be slow.
There is an open door here.
There is a staircase leading out of the dungeon here.
Are you sure you want to leave the Dungeon?
This will make you lose the game!
You have escaped!

#........#.........#.#.♣♣..P.♣
####........#######.###.#.♣.PP♣.♣
........................#.♣P.P♣♣♣
#########...#.#####.#####.♣P.♣♣#.
###≈≈≈≈≈# #.#..##.#♣.♣.#. #♣≈≈≈P#
#.#..##'#..#.##
###♣≈♣####.#..#........#
#.##≈##.##.#..#........#
#..'≈'.@##.#..#........#
#.##≈##.##.#..#........#
###≈≈♣####.#...........'
#♣≈≈≈♣###.##..........#
#≈≈≈≈≈##..............+
##############........#
#...................#
#.##########........# #.#
##########


There were no monsters in sight!

Vanquished Creatures
  3 dart slugs (D:1)
  A leopard gecko (D:2)
  5 bats
  3 giant cockroaches
  5 goblins
  4 hobgoblins
  2 jackals (D:2)
  A quokka (D:2)
  A ball python (D:2)
  4 frilled lizards (D:1)
  8 kobolds
  7 rats
44 creatures vanquished.

Notes
Turn   | Place    | Note
-------+----------+-------------------------------------------
     0 | D:1      | Foic the Avariel Reaver began the quest for the Orb.
     0 | D:1      | Reached XP level 1. HP: 13/13 MP: 6/6
   154 | D:1      | Reached XP level 2. HP: 18/18 MP: 7/7
   483 | D:1      | Reached XP level 3. HP: 22/23 MP: 9/9
   760 | D:1      | Reached * piety under Vehumet
   760 | D:1      | Offered knowledge of Flame Tongue by Vehumet.
   763 | D:1      | Learned a level 1 spell: Flame Tongue
  1357 | D:2      | Found a stormy altar of Qazlal.
  1395 | D:2      | Reached skill level 4 in Short Blades
  3003 | D:$      | Got out of the dungeon alive.

Skill      XL: |  1  2  3 |
---------------+----------+-----
Fighting       | 3 |  3.1
Short Blades   | 4 |  4.0
Dodging        | |  3.9
Stealth        | |  0.3
Spellcasting   | |  2.8
Conjurations   | |  0.2

Action                   || total
-------------------------++-------
Melee: Rapier            ||   125
 Fire: Shortbow          ||     2
 Cast: Flame Tongue      ||    31
  Use: Scroll            ||     2
  Eat: Chunk             ||     4
       Ration            ||     1
Armor: Steam dragon scal ||    41
Dodge: Dodged            ||    95
       Deflected         ||     1
